 Dungeon Crawl Stone Soup version 0.26.0-16-gc1dbca0489 (webtiles) character file.

Game seed: 8819583597717057010

2474 pablito the Scholar of Death (level 9, -5/78 HPs)
             Began as a Deep Dwarf Necromancer on Jan 19, 2021.
             Was a Follower of Kikubaaqudgha.
             Slain by a two-headed ogre
             ... wielding a +0 dire flail
              (25 damage)
             ... on level 8 of the Dungeon.
             The game lasted 00:43:16 (8252 turns).

pablito the Scholar of Death (DDNe)                 Turns: 8252, Time: 00:43:17

Health: -5/78      AC:  7    Str: 12    XL:     9   Next: 26%
Magic:  7/13       EV: 12    Int: 25    God:    Kikubaaqudgha [*.....]
Gold:   490        SH:  0    Dex: 13    Spells: 3/14 levels left

rFire    + . .     SeeInvis .   i - +8 spear (freeze)
rCold    x . .     Faith    .   (no shield)
rNeg     . . .     Spirit   .   a - +0 robe
rPois    .         Reflect  .   u - +1 helmet
rElec    .         Harm     .   l - +2 cloak
rCorr    .         Rampage  .   (no gloves)
Will     +....                  (no boots)
Stlth    +++.......             (no amulet)
HPRegen  0.00/turn              p - +6 ring of intelligence
MPRegen  0.13/turn              y - ring of fire

@: non-regenerating
A: damage resistance, heal wounds, sense surroundings 2, no regeneration
a: Heal Wounds, Renounce Religion, Receive Corpses


You were on level 8 of the Dungeon.
You worshipped Kikubaaqudgha.
Kikubaaqudgha was aware of your devotion.
You visited 2 branches of the dungeon, and saw 9 of its levels.

You collected 490 gold pieces.

Inventory:

Hand Weapons
 g - a +0 dagger
 i - a +8 spear of freezing (weapon)
 J - a +3 halberd of freezing
Missiles
 v - 80 bolts
 x - 15 poisoned darts
Armour
 a - a +0 robe (worn)
 l - a +2 cloak (worn)
 u - a +1 helmet (worn)
Jewellery
 e - an uncursed ring of resist corrosion
 k - an uncursed amulet of guardian spirit
 o - an uncursed ring of flight
 p - a +6 ring of intelligence (left hand)
 t - an uncursed ring of ice
 y - a ring of fire (right hand)
 D - an uncursed ring of teleportation
 I - a -4 ring of intelligence
Wands
 w - a wand of enslavement (1)
 A - a wand of polymorph (13)
 B - a wand of iceblast (6)
Scrolls
 b - a scroll of fear
 f - a scroll of amnesia {unknown}
 h - 2 scrolls of remove curse
 E - a scroll of vulnerability {unknown}
 G - a scroll of blinking {unknown}
Potions
 c - a potion of lignification
 d - 7 potions of curing
 j - a potion of attraction {unknown}
 m - 2 potions of heal wounds
 n - 2 potions of brilliance
 q - 2 potions of degeneration {unknown}
 r - a potion of might
 s - a potion of flight {unknown}
 z - a potion of resistance {unknown}
 C - a potion of haste {unknown}
 F - a potion of ambrosia {unknown}


   Skills:
 + Level 4.2 Fighting
 + Level 4.6 Polearms
 + Level 5.0 Armour
 - Level 2.1 Dodging
 - Level 4.2 Stealth
 - Level 3.0 Spellcasting
 * Level 8.8 Necromancy
 + Level 5.3 Evocations


You had 3 spell levels left.
You knew the following spells:

 Your Spells              Type           Power        Failure   Level
a - Pain                  Necr           100%         1%          1
b - Animate Skeleton      Necr           94%          1%          1
c - Vampiric Draining     Necr           23%          1%          3
d - Animate Dead          Necr           23%          2%          4
e - Sublimation of Blood  Necr           23%          1%          2

Your spell library contained the following spells:

 Spells                   Type           Power        Failure   Level
 Apportation              Tloc           6%           10%         1
 Corona                   Hex            3%           10%         1
 Summon Small Mammal      Summ           12%          10%         1
 Agony                    Necr           47%          8%          5


Dungeon Overview and Level Annotations

Branches:
Dungeon (8/15)             Temple (1/1) D:5
   Lair: D:8-11

Altars:
Ashenzari
Cheibriados
Dithmenos
Elyvilon
Gozag
Hepliaklqana
Kikubaaqudgha
Makhleb
Nemelex Xobeh
Okawaru
Qazlal
Ru
Sif Muna
Trog
Uskayaw
Vehumet
Wu Jian
Xom
Yredelemnul
Zin
The Shining One

Annotations:
D:3 Grinder


Innate Abilities, Weirdness & Mutations

You are resistant to damage.
You can heal yourself by infusing magical energy.
You passively map the area around you.
You do not regenerate.


Message History

The two-headed ogre is heavily wounded.
Casting: Vampiric Draining (safe; 1% risk of failure)
Confirm with . or Enter, or press ? or * to list all spells.
Aiming: Vampiric Draining (safe; 1% risk of failure)
Press: ? - help, Shift-Dir - straight line, f/p - two-headed ogre
Aim: a two-headed ogre, wielding a +0 dire flail and a +0 giant spiked club (heavily wounded)
The two-headed ogre is severely wounded.
You feel life coursing into your body. The two-headed ogre barely misses you.
The two-headed ogre hits you with a +0 giant spiked club!!
* * * LOW HITPOINT WARNING * * *
Casting: Vampiric Draining (safe; 1% risk of failure)
Confirm with . or Enter, or press ? or * to list all spells.
Aiming: Vampiric Draining (safe; 1% risk of failure)
Press: ? - help, Shift-Dir - straight line, f/p - two-headed ogre
Aim: a two-headed ogre, wielding a +0 dire flail and a +0 giant spiked club (severely wounded)
The two-headed ogre is almost dead.
You feel life coursing into your body.
The two-headed ogre hits you with a +0 dire flail!!
You die...
Kikubaaqudgha rasps: "You have failed me!
Welcome... death!"

#......##.# #
#.......#.#.
#o<....##.#.*#*
#.oo.#.#...,., *
#.o....$..#.#
######....#.##.#
* * *
#[)........,
#.)O.# #.#* *
#..@$# #.# *,
#.(..# *#.# ,*
#....# *#.# *
#.(..# #.#
#>...####.# *
#.......()###.#
#.(..####.....#
#.#### #)#####
#.# #)#


You could see a two-headed ogre.

Vanquished Creatures
  An orc warrior (D:7)
  A centaur (D:4)
  An ogre (D:8)
  2 scorpions
  8 wights
  4 killer bees (D:7)
  3 howler monkeys
  8 hounds
  An orc priest (D:8)
  2 jellies
  A bullfrog skeleton (D:6)
  Terence (D:3)
  2 iguanas
  10 orc wizards
  7 worker ants
  Robin (D:4)
  7 adders
  3 shadow imps
  2 white imps (D:6)
  3 ufetubi
  2 oozes
  An adder skeleton (D:5)
  2 worms
  7 dart slugs
  3 leopard geckos
  28 orcs
  2 bats (D:2)
  6 giant cockroaches
  19 goblins
  10 hobgoblins
  8 jackals
  4 quokkas
  A ball python (D:5)
  A frilled lizard (D:1)
  A giant cockroach zombie (D:5)
  6 kobolds
  9 rats
178 creatures vanquished.

Vanquished Creatures (collateral kills)
  Joseph (D:8)
  2 ice beasts
  An orc priest (D:8)
  An orc (D:8)
  A giant cockroach (D:2)
  2 goblins
8 creatures vanquished.

Vanquished Creatures (others)
  3 plants
3 creatures vanquished.

Grand Total: 189 creatures vanquished

Notes
Turn   | Place    | Note
-------+----------+-------------------------------------------
     0 | D:1      | pablito the Deep Dwarf Necromancer began the quest for the
                  | Orb.
     0 | D:1      | Reached XP level 1. HP: 15/15 MP: 3/3
   195 | D:1      | Learned a level 1 spell: Animate Skeleton
   443 | D:1      | Reached XP level 2. HP: 17/22 MP: 1/5
  1200 | D:2      | Reached XP level 3. HP: 27/28 MP: 4/6
  1296 | D:2      | Reached skill level 5 in Necromancy
  1402 | D:2      | Reached skill level 1 in Polearms
  1759 | D:3      | Reached XP level 4. HP: 32/36 MP: 7/7
  1916 | D:3      | Noticed Terence
  1924 | D:3      | Killed Terence
  2403 | D:3      | Learned a level 3 spell: Vampiric Draining
  2607 | D:3      | Reached XP level 5. HP: 40/43 MP: 2/9
  2677 | D:3      | Reached skill level 1 in Armour
  2701 | D:3      | Noticed Grinder
  2728 | D:3      | Paralysed by Grinder for 4 turns
  2755 | D:3      | Paralysed by Grinder for 3 turns
  3208 | D:4      | Noticed a centaur
  3240 | D:4      | Reached skill level 1 in Fighting
  3817 | D:4      | Reached XP level 6. HP: 49/51 MP: 10/10
  3873 | D:4      | Learned a level 4 spell: Animate Dead
  4215 | D:4      | Noticed Robin
  4263 | D:4      | Killed Robin
  4264 | D:4      | Reached skill level 1 in Evocations
  4440 | D:5      | Entered Level 5 of the Dungeon
  4465 | D:5      | Noticed an ice beast
  4521 | D:5      | Reached XP level 7. HP: 34/59 MP: 2/11
  4666 | D:5      | Reached skill level 6 in Necromancy
  5007 | D:5      | Found a staircase to the Ecumenical Temple.
  5019 | Temple   | Entered the Ecumenical Temple
  5130 | Temple   | Became a worshipper of Kikubaaqudgha
  6262 | D:6      | Reached XP level 8. HP: 47/68 MP: 7/12
  6510 | D:5      | Reached skill level 7 in Necromancy
  6657 | D:6      | Found an iron altar of Okawaru.
  7515 | D:7      | Reached * piety under Kikubaaqudgha
  7515 | D:7      | Identified Kikubaaqudgha's Collected Works on Necromancy
                  | (Kikubaaqudgha gifted it to you on level 7 of the Dungeon)
  7515 | D:7      | Received a gift from Kikubaaqudgha
  7671 | D:7      | Reached skill level 8 in Necromancy
  7785 | D:8      | Noticed Joseph
  7986 | D:8      | Learned a level 2 spell: Sublimation of Blood
  8040 | D:8      | Gained mutation: You passively map the area around you.
                  | [Deep Dwarf growth]
  8040 | D:8      | Reached XP level 9. HP: 54/78 MP: 13/13
  8063 | D:8      | Reached skill level 5 in Evocations
  8151 | D:8      | Noticed a two-headed ogre
  8240 | D:8      | Killed Joseph
  8241 | D:8      | Reached skill level 5 in Armour
  8252 | D:8      | Slain by a two-headed ogre

Illustrated notes

Levels and vault maps discovered:
D:1:      dpeg_arrival_pits, layout_basic
D:2:      layout_rooms, palyth_stone_intersect, kennysheep_nub,
          guppyfry_early_lair_pool
D:3:      layout_basic, uniq_terence, uniq_grinder
D:4:      layout_basic, minmay_strange_pillars, uniq_robin
D:5:      layout_gridville, minmay_temple_entry_gardened_gates
D:6:      layout_basic, kennysheep_okawaru_gauntlet
D:7:      layout_cave_pools
D:8:      layout_loops_ring, uniq_joseph
Temple:   kilobyte_greek_temple

Skill      XL: |  1  2  3  4  5  6  7  8  9 |
---------------+----------------------------+-----
Spellcasting   | 2 3 |  3.0
Necromancy     | 5 6 8 |  8.8
Polearms       | 1 2 3 4 |  4.6
Armour         | 1 2 3 4 5 |  5.0
Stealth        | 3 4 |  4.2
Fighting       | 1 2 3 4 |  4.2
Evocations     | 1 3 4 5 |  5.3
Dodging        | |  2.1

Action                   |  1- 3 |  4- 6 |  7- 9 || total
-------------------------+-------+-------+-------++-------
Melee: Spear             |    60 |   133 |   255 ||   448
 Cast: Pain              |    38 |    38 |    16 ||    92
       Animate Skeleton  |     6 |     8 |       ||    14
       Vampiric Draining |       |    17 |    29 ||    46
       Animate Dead      |       |     3 |     7 ||    10
 Abil: Heal Wounds       |     2 |     1 |    11 ||    14
Evoke: Wand              |       |       |    12 ||    12
  Use: Scroll            |     3 |    10 |    10 ||    23
       Potion            |       |       |     4 ||     4
 Stab: Sleeping          |     3 |     9 |     8 ||    20
       Distracted        |     1 |       |     1 ||     2
Armor: Robe              |    10 |    29 |    68 ||   107
Dodge: Dodged            |    38 |    68 |   165 ||   271
